Map: Línea Aguablanca EE

Players

MrFercho

  • Race: Zerg Zerg
  • League: Silver
  • Spawn Location: 1:00

TATORREA

  • Race: Protoss Protoss
  • League: Silver
  • Spawn Location: 12:00

tigro

  • Race: Terran Terran
  • League: Bronze
  • Spawn Location: 1:00

RonTron

  • Race: Protoss Protoss
  • Spawn Location: 6:00

pixi

  • Race: Protoss Protoss
  • Spawn Location: 7:00

DrDiablo

  • Race: Terran Terran
  • League: Gold
  • Spawn Location: 7:00

VOD

Have the link to the VOD?

Description

Time

  • Played on: June 16, 2020, 9:28 p.m.
  • Length: 15:35
Show
View Real Time Build Order
Export as new Build Order

MrFercho Zerg 

Build Orders: Hatch First, Lurkers 

Get SALT Encoding   

  12  0:01  Drone  
  13  0:21  Drone  
  14  0:44  Overlord  
  14  0:45  Hatchery  
  13  0:50  Extractor  
  13  0:54  Drone  
  13  0:56  Extractor, Drone  
  15  1:12  Drone x2  
  15  1:17  Drone  
  18  1:31  Drone  
  18  1:32  Spawning Pool  
  18  1:41  Drone  
  19  1:55  Extractor  
  19  1:57  Drone x2  
  19  2:00  Drone  
  21  2:10  Drone  
  21  2:15  Drone  
  23  2:20  Queen x2  
  27  2:24  Drone  
  28  2:37  Overlord x3  
  28  2:56  Drone  
  28  2:57  Drone x3  
  32  3:12  Extractor  
  31  3:13  Drone  
  31  3:14  Drone x2  
  31  3:15  Drone  
  31  3:17  Queen  
  37  3:28  Roach Warren  
  37  3:29  Drone  
  37  3:30  Drone  
  38  3:36  Lair  
  38  3:37  Drone x4  
  42  3:44  Drone, Evolution Chamber  
  42  3:45  Evolution Chamber  
  42  3:46  Drone  
  42  3:48  Drone  
  42  3:50  Drone x2  
  45  4:01  Drone  
  45  4:02  Extractor, Drone  
  47  4:06  Drone x3  
  47  4:07  Drone  
  50  4:22  Zerg Missile Weapons Level 1  
  50  4:46  Hatchery  
  50  4:52  Drone x3  
  52  4:53  Overlord x4  
  52  4:54  Overlord  
  52  5:04  Hydralisk Den  
  52  5:05  Zerg Ground Armor Level 1  
  51  5:08  Glial Reconstitution  
  51  5:19  Drone x8  
  59  5:35  Spine Crawler  
  58  5:37  Spine Crawler  
  57  5:45  Spore Crawler  
  57  5:46  Drone  
  57  5:47  Drone x6  
  63  6:02  Queen  
  65  6:06  Grooved Spines  
  65  6:10  Infestation Pit  
  64  6:17  Overlord  
  64  6:18  Overlord x10  
  64  6:26  Overseer x3  
  64  6:37  Drone x6  
  64  6:38  Drone x2  
  72  6:43  Extractor  
  72  6:44  Extractor  
  72  6:45  Hydralisk  
  72  7:04  Drone x4  
  72  7:05  Drone x4  
  80  7:13  Drone  
  81  7:17  Drone x2  
  81  7:18  Muscular Augments  
  83  7:33  Drone x6  
  89  7:41  Hatchery  
  88  7:49  Hatchery  
  88  7:50  Hatchery  
  86  7:52  Overlord x2  
  86  7:58  Zerg Missile Weapons Level 2, Zerg Ground Armor Level 2  
  86  8:12  Lurker Den  
  85  8:13  Drone  
  85  8:14  Drone x10  
  96  8:34  Hydralisk  
  96  8:35  Hydralisk x8  
  96  8:40  Extractor, Hydralisk  
  96  8:41  Extractor  
  114  8:56  Hive  
  114  9:16  Hydralisk  
  114  9:17  Hydralisk x14, Spire  
  143  9:30  Nydus Network  
  142  9:37  Lurker x3  
  145  10:02  Hatchery, Hydralisk x8  
  160  10:11  Extractor, Lurker  
  160  10:20  Extractor  
  159  10:31  Drone x3  
  162  10:38  Overseer  
  162  10:46  Hydralisk x14  
  190  10:55  Overseer  
  190  11:40  Nydus Canal  
  190  12:11  Hydralisk x5  
  118  13:05  Hydralisk x6  
  100  13:06  Hydralisk x26  
  164  13:21  Hydralisk x14  
  192  13:47  Hydralisk x4  
  104  14:18  Hydralisk x11  
  104  14:19  Hydralisk x21  
  160  14:32  Hydralisk x6  
  160  14:33  Hydralisk x2  
  168  14:39  Hydralisk x3  
  168  14:45  Zergling x24  
  144  15:06  Hydralisk x10  
Show
View Real Time Build Order
Export as new Build Order

TATORREA Protoss 

Build Orders:  

Get SALT Encoding   

  12  0:01  Probe  
  13  0:14  Probe  
  14  0:20  Pylon  
  14  0:26  Probe  
  15  0:38  Probe  
  16  0:43  Gateway  
  16  0:55  Probe  
  17  1:04  Assimilator, Probe  
  18  1:12  Probe  
  19  1:22  Pylon  
  19  1:23  Probe  
  20  1:35  Probe  
  21  1:41  Cybernetics Core  
  21  1:44  Assimilator  
  21  1:47  Probe  
  22  1:57  Probe  
  23  2:05  Probe  
  23  2:13  Probe  
  24  2:16  Nexus  
  25  2:23  Pylon  
  25  2:27  Probe  
  26  2:39  Probe  
  26  2:44  Pylon  
  27  2:47  Warp Gate  
  27  2:48  Pylon  
  27  2:51  Probe  
  28  3:03  Probe  
  29  3:13  Probe  
  29  3:18  Gateway  
  29  3:19  Robotics Facility  
  30  3:21  Probe  
  31  3:27  Probe  
  31  3:29  Probe  
  33  3:35  Probe  
  33  3:37  Probe  
  34  3:45  Probe x2  
  35  3:54  Stalker  
  39  3:58  Probe  
  39  4:01  Probe  
  45  4:10  Immortal, Probe  
  45  4:13  Probe  
  47  4:25  Probe x2  
  47  4:26  Pylon  
  47  4:29  Pylon  
  49  4:34  Pylon  
  49  4:37  Probe x2  
  51  4:49  Probe x2, Observer  
  51  4:51  Assimilator  
  54  4:55  Assimilator  
  54  5:01  Probe x2  
  55  5:10  Immortal  
  55  5:11  Nexus  
  59  5:14  Pylon  
  59  5:17  Probe x2  
  59  5:18  Pylon  
  61  5:22  Pylon  
  61  5:29  Probe x2  
  63  5:41  Probe x2  
  65  6:01  Probe x2  
  67  6:13  Probe x2  
  67  6:16  Immortal  
  73  6:23  Probe, Nexus  
  73  6:24  Pylon  
  73  6:25  Probe x2  
  76  6:33  Gateway  
  76  6:35  Gateway, Probe  
  76  6:36  Assimilator  
  76  6:37  Gateway, Probe x2  
  76  6:39  Gateway, Assimilator  
  79  6:42  Gateway  
  79  6:46  Forge  
  79  6:48  Forge, Probe  
  79  6:49  Probe x2  
  79  6:50  Forge  
  79  6:52  Twilight Council  
  82  7:00  Probe  
  83  7:01  Probe  
  83  7:02  Probe  
  85  7:12  Probe  
  85  7:13  Probe  
  85  7:14  Probe  
  85  7:15  Protoss Ground Armor Level 1, Protoss Ground Weapons Level 1, Protoss Shields Level 1  
  88  7:21  Immortal  
  92  7:24  Probe  
  92  7:26  Probe x2  
  95  7:33  Gateway  
  95  7:34  Gateway  
  95  7:35  Probe  
  95  7:36  Gateway  
  96  7:38  Gateway  
  96  7:42  Probe x2  
  98  7:45  Probe  
  98  7:49  Assimilator  
  98  7:50  Assimilator  
  99  8:03  Stalker x3  
  99  8:04  Stalker x3  
  99  8:05  Stalker  
  113  8:07  Pylon  
  113  8:08  Nexus  
  113  8:31  Templar Archives  
  113  8:35  Stalker  
  113  8:36  Stalker x4  
  113  8:37  Stalker x4  
  113  8:38  Stalker x2  
  135  8:42  Immortal  
  139  9:11  Gateway  
  139  9:12  Stalker x2  
  139  9:13  Stalker x4, Gateway  
  139  9:14  Gateway, Stalker  
  139  9:15  Gateway  
  139  9:16  Gateway  
  153  9:20  Gateway  
  153  9:34  Stalker x2  
  153  9:35  Stalker x3  
  153  9:36  Stalker  
  165  9:57  Stalker  
  165  9:58  Stalker x4, Protoss Ground Armor Level 2, Protoss Ground Weapons Level 2, Protoss Shields Level 2  
  165  9:59  Stalker x2  
  179  10:10  Pylon  
  179  10:13  Pylon  
  179  10:19  Pylon  
  179  10:22  Pylon  
  179  10:33  Pylon  
  179  10:35  Immortal  
  183  10:36  Pylon  
  183  10:43  High Templar  
  183  10:44  High Templar  
  183  10:45  High Templar x4  
  183  10:46  High Templar x2  
  199  10:59  Archon x3  
  185  11:14  Immortal  
  122  11:19  Stalker x4  
  122  11:20  Stalker x4  
  122  11:21  Stalker x4  
  122  11:22  Stalker x4  
  122  11:23  Stalker  
  116  11:45  Stalker x2  
  116  11:46  Stalker x3  
  116  11:47  Stalker x3  
  108  11:48  Stalker x2  
  108  11:49  Stalker x2  
  108  11:50  Stalker x3  
  108  11:51  Stalker  
  108  11:52  Stalker  
  108  11:53  Observer  
  75  12:14  Immortal  
  68  12:16  Probe  
  68  12:17  Probe x2  
  68  12:18  Probe  
  72  12:24  Probe  
  72  12:25  Probe x2  
  72  12:26  Probe  
  71  12:53  Pylon  
  71  12:56  Stalker x4  
  71  12:57  Stalker x3  
  71  12:58  Stalker x2  
  79  13:00  Pylon  
  79  13:01  Pylon x2  
  79  13:02  Pylon x3  
  79  13:04  Pylon  
  71  13:09  Pylon  
  71  13:10  Probe  
  72  13:18  Probe  
  72  13:43  Pylon  
  72  13:46  Nexus  
  70  13:56  Pylon  
  70  14:00  Pylon  
  70  14:01  Nexus  
  67  14:04  Stalker  
  67  14:05  Stalker x2  
  67  14:06  Stalker  
  67  14:07  Stalker x5  
  67  14:08  Stalker x2  
  67  14:09  Stalker  
  71  14:43  Stalker  
  71  14:44  Stalker x2  
  73  14:46  Stalker  
  24  15:16  Probe x2  
  24  15:17  Probe  
Show
View Real Time Build Order
Export as new Build Order

tigro Terran 

Build Orders:  

Get SALT Encoding   

  12  0:03  SCV  
  13  0:15  SCV  
  14  0:27  Supply Depot, SCV  
  15  0:31  Refinery  
  15  0:48  SCV  
  16  0:53  Barracks  
  16  1:00  SCV  
  17  1:07  Refinery  
  17  1:12  SCV  
  18  1:22  Supply Depot  
  18  1:25  SCV  
  19  1:37  SCV  
  20  1:40  Marine  
  21  1:49  SCV  
  22  1:58  Marine  
  22  2:01  SCV  
  24  2:10  Barracks  
  24  2:16  Marine  
  24  2:21  Engineering Bay  
  25  2:34  Marine  
  26  2:37  SCV  
  27  2:49  SCV  
  28  2:51  Marine  
  28  2:56  Factory  
  29  3:02  Barracks Tech Lab  
  29  3:23  Barracks Tech Lab  
  29  3:41  Command Center  
  29  3:46  Factory Tech Lab  
  29  4:01  Orbital Command  
  29  4:05  Armory  
  29  4:08  Combat Shield  
  29  4:09  Stimpack  
  29  4:14  Mag-Field Accelerator  
  29  4:24  Marine x2  
  31  4:42  Marine x2  
  33  4:55  Starport  
  33  5:00  Marine x2  
  35  5:09  Refinery  
  35  5:10  SCV  
  36  5:17  Marine  
  36  5:18  Marine  
  38  5:22  SCV  
  38  5:26  Concussive Shells  
  39  5:34  SCV  
  40  5:45  Refinery  
  40  5:47  SCV  
  41  5:55  Starport  
  41  5:58  Medivac  
  41  5:59  SCV  
  41  6:01  Terran Infantry Weapons Level 1  
  44  6:14  SCV  
  45  6:26  SCV  
  46  6:38  SCV  
  47  6:44  Starport Tech Lab  
  47  6:46  Starport Tech Lab  
  47  6:50  SCV  
  48  6:56  Fusion Core  
  48  7:03  SCV  
  49  7:17  SCV  
  50  7:29  SCV  
  51  7:42  SCV  
  52  7:50  Supply Depot  
  52  7:54  SCV  
  52  7:55  Terran Infantry Armor Level 1  
  53  7:58  Missile Turret  
  53  8:06  SCV  
  53  8:10  Marine x2  
  56  8:13  Supply Depot  
  56  8:14  Battlecruiser  
  56  8:18  Missile Turret  
  62  8:24  SCV  
  63  8:27  Marine  
  63  8:28  Marine  
  63  8:29  Weapon Refit  
  65  8:36  SCV  
  66  8:45  Marine x2  
  66  8:48  Thor, SCV  
  69  8:49  Missile Turret  
  75  9:00  SCV  
  76  9:03  Marine x2  
  78  9:10  Missile Turret  
  78  9:14  SCV  
  78  9:21  Marine x2  
  78  9:31  Missile Turret  
  78  9:36  Missile Turret  
  78  9:49  Neosteel Armor  
  78  9:59  Missile Turret  
  78  10:01  Missile Turret  
  78  10:09  Rapid Reignition System  
  78  10:22  Missile Turret x2  
  78  10:29  Missile Turret  
  78  10:43  Marine x2  
  78  10:46  Battlecruiser x2, Missile Turret  
  92  10:52  Missile Turret  
  92  10:57  Command Center  
  92  11:01  Marine x2  
  94  11:14  Missile Turret  
  94  11:29  Hi-Sec Auto Tracking  
  94  11:34  Refinery  
  94  11:35  Missile Turret  
  94  11:36  Marine  
  94  11:37  Marine  
  59  11:50  Medivac, Battlecruiser  
  65  11:54  Marine  
  65  11:55  Marine, Missile Turret  
  67  12:12  Marine, Refinery  
  67  12:13  Marine  
  67  12:15  Missile Turret  
  57  12:20  Battlecruiser  
  63  12:26  Terran Infantry Weapons Level 2  
  64  12:30  Marine  
  64  12:31  Marine  
  64  12:34  Planetary Fortress  
  64  12:36  Missile Turret  
  65  12:48  Marine  
  65  12:49  Marine  
  67  12:54  Battlecruiser  
  67  12:57  Missile Turret  
  73  13:06  Marine x2  
  75  13:15  SCV  
  76  13:23  Marine  
  76  13:24  Marine  
  76  13:25  Battlecruiser  
  84  13:27  SCV  
  85  13:39  SCV  
  86  13:41  Marine  
  87  13:51  SCV  
  94  14:03  SCV  
  67  14:24  Marine  
  66  14:42  Marine  
  29  15:28  Engineering Bay  
Show
View Real Time Build Order
Export as new Build Order

RonTron Protoss 

Build Orders: Forge Fast Expand (FFE), Carriers 

Get SALT Encoding   

  12  0:02  Probe  
  13  0:17  Pylon  
  13  0:23  Assimilator  
  13  0:24  Probe  
  14  0:40  Forge  
  14  0:46  Assimilator  
  14  0:48  Probe  
  15  1:02  Probe  
  16  1:14  Probe  
  17  1:41  Nexus  
  17  1:54  Gateway  
  17  1:59  Probe  
  18  2:11  Pylon  
  18  2:19  Assimilator  
  18  2:22  Probe  
  19  2:34  Pylon  
  19  2:43  Zealot  
  21  2:53  Probe  
  21  2:58  Probe  
  23  3:10  Probe  
  23  3:12  Pylon, Probe  
  25  3:19  Zealot  
  27  3:24  Probe  
  28  3:32  Probe  
  29  3:36  Probe  
  30  3:55  Probe  
  31  3:58  Zealot  
  33  4:11  Assimilator  
  33  4:12  Probe  
  34  4:31  Cybernetics Core  
  34  4:37  Gateway  
  34  4:40  Gateway  
  34  4:42  Probe  
  35  4:50  Zealot  
  37  4:53  Probe  
  38  5:01  Probe  
  39  5:09  Probe  
  40  5:20  Pylon, Probe  
  41  5:21  Robotics Facility  
  41  5:25  Pylon  
  41  5:28  Probe  
  42  5:36  Probe  
  42  5:38  Pylon  
  43  5:45  Twilight Council  
  43  5:47  Pylon, Probe  
  43  5:49  Protoss Ground Armor Level 1  
  44  5:55  Probe  
  45  5:57  Stargate  
  45  5:59  Probe  
  45  6:02  Protoss Air Armor Level 1  
  46  6:12  Pylon  
  46  6:14  Probe  
  46  6:16  Probe  
  48  6:19  Observer  
  49  6:29  Probe  
  50  6:34  Stargate  
  50  6:41  Probe  
  50  6:46  Fleet Beacon  
  51  6:51  Pylon  
  51  6:53  Stargate x2  
  51  6:55  Probe  
  51  7:00  Pylon  
  52  7:03  Stargate  
  52  7:07  Probe  
  53  7:16  Pylon  
  53  7:19  Stargate x2  
  53  7:25  Stargate  
  53  7:26  Carrier  
  53  7:34  Carrier  
  65  8:01  Protoss Air Weapons Level 1  
  65  8:02  Protoss Ground Armor Level 2  
  65  8:16  Nexus  
  65  8:31  Carrier  
  65  8:32  Carrier  
  77  8:51  Pylon x2  
  77  8:53  Tempest  
  82  8:59  Assimilator  
  82  9:16  Tempest  
  87  9:17  Carrier  
  93  9:48  Carrier  
  93  9:49  Carrier  
  105  9:57  Observer  
  112  10:14  Carrier  
  112  10:19  Observer  
  113  10:37  Probe  
  114  10:45  Probe  
  115  10:53  Probe  
  115  11:04  Probe  
  116  11:06  Carrier x2  
  129  11:16  Probe  
  106  13:21  Probe  
  107  13:33  Probe  
  108  13:34  Assimilator  
  108  13:43  Probe  
  108  13:45  Probe  
  110  13:51  Probe  
  110  13:55  Pylon x2  
  110  13:56  Pylon  
  110  13:57  Probe  
  110  14:01  Assimilator, Probe  
  112  14:09  Probe  
  114  14:10  Pylon  
  114  14:13  Probe  
  108  14:20  Stargate  
  108  14:21  Stargate  
  116  14:24  Stargate  
  116  14:25  Probe  
  117  14:37  Probe  
Show
View Real Time Build Order
Export as new Build Order

pixi Protoss 

Build Orders:  

Get SALT Encoding   

  12  0:03  Probe  
  13  0:17  Probe  
  13  0:19  Pylon  
  14  0:26  Probe  
  14  0:27  Assimilator  
  15  0:37  Probe  
  16  0:53  Gateway  
  16  0:59  Probe  
  16  1:01  Pylon  
  17  1:05  Assimilator  
  17  1:11  Probe  
  18  1:46  Nexus  
  18  1:49  Probe  
  19  1:57  Zealot  
  21  2:01  Probe  
  22  2:10  Probe  
  22  2:15  Cybernetics Core  
  23  2:19  Probe  
  23  2:27  Pylon  
  23  2:28  Probe  
  24  2:35  Assimilator  
  25  2:37  Assimilator  
  25  2:40  Probe  
  26  2:52  Probe  
  26  2:58  Probe  
  27  3:04  Probe  
  29  3:06  Probe  
  29  3:11  Zealot  
  32  3:13  Probe  
  32  3:15  Probe  
  34  3:21  Probe  
  35  3:29  Probe  
  35  3:30  Probe  
  37  3:41  Probe  
  38  3:48  Pylon  
  38  3:53  Probe  
  39  4:05  Probe  
  40  4:12  Stargate  
  40  4:13  Probe  
  40  4:14  Probe  
  40  4:15  Robotics Facility  
  41  4:21  Probe  
  41  4:22  Probe  
  42  4:28  Stalker  
  46  4:31  Probe  
  46  4:32  Probe  
  46  4:37  Nexus  
  48  4:43  Probe  
  48  4:45  Pylon, Forge  
  49  4:56  Probe  
  49  4:58  Stalker  
  52  5:01  Pylon  
  52  5:07  Assimilator  
  52  5:08  Probe  
  52  5:10  Assimilator  
  53  5:20  Photon Cannon, Probe  
  54  5:32  Probe  
  55  5:37  Photon Cannon  
  55  5:41  Photon Cannon  
  55  5:44  Probe  
  55  5:45  Void Ray  
  60  5:55  Photon Cannon  
  60  5:56  Probe  
  61  6:08  Probe  
  61  6:09  Probe  
  61  6:10  Pylon  
  62  6:13  Protoss Air Weapons Level 1, Stargate  
  62  6:14  Stargate  
  62  6:17  Probe  
  64  6:26  Probe  
  65  6:35  Photon Cannon  
  65  6:37  Photon Cannon  
  65  6:38  Probe  
  65  6:39  Void Ray  
  70  6:41  Stalker  
  72  6:48  Gateway  
  72  6:50  Observer  
  72  6:51  Probe  
  74  6:59  Void Ray  
  74  7:00  Void Ray  
  82  7:06  Probe  
  82  7:08  Photon Cannon  
  82  7:11  Stalker  
  82  7:12  Observer  
  82  7:14  Probe  
  86  7:21  Void Ray  
  91  7:24  Probe  
  92  7:33  Observer  
  92  7:36  Probe  
  94  7:48  Probe  
  95  7:55  Observer  
  96  8:00  Probe  
  97  8:10  Probe  
  98  8:18  Probe  
  98  8:26  Probe  
  100  8:38  Probe  
  100  8:41  Pylon  
  101  8:42  Pylon  
  101  8:44  Pylon  
  101  8:46  Pylon  
  101  8:51  Nexus  
  101  8:59  Void Ray, Probe  
  101  9:00  Void Ray x2  
  109  9:41  Void Ray  
  109  9:43  Void Ray x2  
  121  9:49  Assimilator  
  121  9:54  Assimilator  
  121  9:57  Pylon  
  121  9:59  Pylon  
  121  10:00  Pylon  
  121  10:03  Pylon  
  121  10:05  Pylon  
  121  10:10  Stargate  
  121  10:12  Stargate  
  121  10:14  Stargate  
  121  10:16  Stargate  
  121  10:24  Void Ray  
  121  10:27  Stargate  
  125  10:28  Void Ray  
  125  10:29  Void Ray  
  125  10:31  Photon Cannon  
  125  10:33  Photon Cannon  
  133  10:36  Photon Cannon  
  133  10:41  Fleet Beacon  
  133  10:43  Photon Cannon  
  133  10:45  Photon Cannon  
  133  10:46  Probe  
  133  10:47  Photon Cannon  
  133  10:49  Photon Cannon  
  134  10:58  Probe  
  135  11:07  Void Ray  
  135  11:10  Probe  
  140  11:11  Void Ray x2  
  148  11:19  Protoss Air Armor Level 1  
  148  11:22  Probe  
  149  11:34  Probe  
  150  11:50  Void Ray  
  154  12:00  Void Ray  
  154  12:01  Void Ray x4  
  162  12:07  Probe  
  175  12:19  Probe  
  175  12:25  Pylon  
  175  12:27  Pylon  
  175  12:28  Pylon  
  175  12:31  Probe  
  176  12:43  Void Ray x2, Probe  
  185  12:44  Void Ray x2  
  185  12:46  Void Ray  
  197  12:56  Probe  
  198  13:56  Pylon  
  198  13:57  Pylon  
  198  13:59  Pylon  
  198  14:00  Pylon  
Show
View Real Time Build Order
Export as new Build Order

DrDiablo Terran 

Build Orders:  

Get SALT Encoding   

  12  0:01  SCV  
  13  0:13  SCV  
  14  0:26  SCV  
  15  0:31  Refinery  
  15  0:33  Supply Depot  
  15  0:54  SCV  
  16  0:58  Barracks  
  16  1:06  SCV  
  17  1:18  SCV  
  17  1:20  Supply Depot  
  18  1:31  SCV  
  19  1:43  SCV  
  20  1:54  Marine  
  20  1:55  SCV  
  22  2:07  SCV  
  23  2:17  Command Center  
  23  2:18  Refinery  
  23  2:19  SCV  
  24  2:31  Factory  
  24  2:32  Barracks Tech Lab  
  25  2:40  Orbital Command  
  24  2:59  Marine  
  24  3:01  Stimpack  
  25  3:17  Marine  
  25  3:19  Hellion  
  28  3:28  Starport  
  28  3:30  SCV  
  29  3:34  Engineering Bay  
  29  3:38  Marine  
  30  3:42  SCV  
  30  3:43  SCV  
  30  3:46  Hellion  
  34  4:04  Marine  
  34  4:07  SCV  
  36  4:12  Starport  
  36  4:16  Barracks  
  36  4:21  SCV  
  36  4:23  Barracks  
  36  4:24  Factory Tech Lab  
  37  4:28  Reaper  
  38  4:36  Refinery  
  39  4:38  Refinery  
  39  4:39  Orbital Command  
  38  4:52  Starport Reactor  
  38  5:00  Marine  
  38  5:03  Starport  
  38  5:05  SCV  
  40  5:15  Barracks Reactor  
  40  5:16  Barracks Reactor  
  40  5:17  SCV  
  40  5:18  Marauder  
  43  5:26  Missile Turret  
  43  5:29  SCV  
  43  5:35  Medivac  
  46  5:52  Supply Depot  
  46  5:56  Missile Turret  
  46  5:59  Starport Tech Lab  
  46  6:13  Medivac x2, Marine x3, SCV  
  46  6:16  Supply Depot  
  46  6:17  Supply Depot  
  54  6:34  Factory  
  54  6:37  Medivac, Marine x3  
  54  6:38  Widow Mine  
  61  6:40  Supply Depot  
  61  6:46  Terran Infantry Weapons Level 1  
  61  6:48  Infernal Pre-Igniter  
  61  6:50  Combat Shield  
  61  6:56  SCV x2  
  63  7:06  Marine x3  
  63  7:07  Marine x2  
  63  7:08  SCV  
  69  7:10  Widow Mine  
  69  7:13  Raven  
  73  7:17  Medivac  
  73  7:20  SCV  
  73  7:21  Factory Tech Lab  
  76  7:24  Marine x2  
  78  7:53  Supply Depot  
  78  8:14  Viking x2, Marine x3, SCV  
  86  8:51  Supply Depot  
  86  8:57  Viking, Marine x2, Cyclone, SCV  
  86  8:59  Marine x2  
  86  9:00  Marauder, Cyclone  
  101  9:03  Supply Depot  
  101  9:06  Armory  
  101  9:09  SCV  
  102  9:21  Marauder, SCV  
  105  9:29  Cyclone  
  104  9:32  Cyclone  
  104  9:33  SCV  
  107  9:45  SCV  
  107  9:46  Factory  
  107  9:54  Marauder  
  107  9:57  SCV  
  107  9:59  Terran Vehicle Weapons Level 1  
  110  10:01  Siege Tank  
  110  10:04  Siege Tank  
  110  10:05  Armory  
  116  10:08  Terran Infantry Weapons Level 2  
  116  10:09  SCV  
  116  10:12  Mag-Field Accelerator  
  114  10:14  Concussive Shells  
  111  10:22  SCV  
  111  10:23  Marauder  
  111  10:24  Marine x4  
  118  10:33  Siege Tank  
  118  10:35  Factory Tech Lab  
  121  10:45  Marauder  
  123  11:03  Marine x3  
  126  11:13  Marine  
  126  11:14  Marauder  
  121  11:23  Marine x2  
  121  11:24  Marine  
  122  11:31  Marine  
  123  11:35  Marauder  
  122  11:41  Marine x3  
  125  11:49  Marine  
  126  11:58  Marine  
  126  11:59  Marine x2  
  126  12:00  Siege Tank  
  124  12:01  Siege Tank  
  124  12:03  Siege Tank  
  116  13:00  Marine x2  
  116  13:01  Marine x3  
  109  13:18  Marine x2  
  111  13:42  Supply Depot  
  111  13:55  Command Center  
  111  14:03  Marine x5  
  111  14:04  Siege Tank  
  111  14:05  Supply Depot  
  111  14:06  Siege Tank  
  117  14:11  Siege Tank  
  111  14:21  Marine x5  
  116  14:28  Supply Depot  
  114  14:38  Siege Tank x2  
  114  14:39  Marine x5  
  114  14:43  Siege Tank  
  125  14:51  Supply Depot  
  124  14:57  Marine x5  
  118  15:13  Supply Depot  
Tags
 
Add a new tag
Caveats
  • Supply blocks, unpowered buildings, or Contaminate may cause inaccurate times.
  • Supply counts are checked every 10 seconds.